 Dungeon Crawl Stone Soup version 0.30.1-11-g7821555f0a (webtiles) character file.

Game seed: 17784989300922599638

29785 H0rd4k the Thaumaturge (level 13, -14/101 HPs)
             Began as a Human Artificer on Dec 21, 2023.
             Was an Initiate of Gozag.
             Demolished by an earth elemental (29 damage)
             ... in a volcano on Dec 22, 2023.
             The game lasted 01:14:24 (19528 turns).

H0rd4k the Thaumaturge (Human Artificer)           Turns: 19528, Time: 01:14:25

Health: -14/101    AC: 18    Str: 12    XL:     13   Next: 83%
Magic:  21/28      EV: 13    Int: 19    God:    Gozag
Gold:   1519       SH:  0    Dex: 14    Spells: 18/34 levels left

rFire   . . .        q - +2 short sword (freeze)
rCold   . . .        (no shield)
rNeg    . . .        n - +1 robe of Rangoruc {Regen+ Int+2}
rPois   +            (helmet restricted)
rElec   .            C - +1 cloak {Will+}
rCorr   .            l - +2 pair of gloves
SInv    .            U - +2 pair of boots {Stlth+}
Will    +....        b - amulet "Zocliati" {Rampage Regen+}
Stlth   ++++         Q - ring of poison resistance
HPRegen 1.96/turn    d - +4 ring of slaying
MPRegen 0.21/turn

%: clarity, rampage
@: ice-armoured, flying
A: antennae 1, clarity, sense surroundings 1
a: Renounce Religion, Potion Petition, Call Merchant, Bribe Branch


You were in a volcano.
You worshipped Gozag.
Gozag was most pleased with you.
You visited 3 branches of the dungeon, and saw 16 of its levels.
You also visited: Ossuary, Bailey, Gauntlet and Volcano.

You collected 3719 gold pieces.
You spent 585 gold pieces at shops.
You paid 1615 gold pieces to Gozag.

Inventory:

Hand Weapons
 a - a +4 dagger of holy wrath
 c - a +2 dagger of venom
 q - a +2 short sword of freezing (weapon)
 G - a +2 dagger of draining
Missiles
 p - 30 poisoned darts
 u - 14 curare-tipped darts
 I - 6 atropa-tipped darts
Armour
 l - a +2 pair of gloves (worn)
 n - the +1 robe of Rangoruc (worn) {Regen+ Int+2}
   (You found it on level 2 of the Dungeon)

   Int:       It affects your intelligence (+2).
   Regen:     It increases your rate of health regeneration.
 C - a +1 cloak of willpower (worn)
 P - a +1 chain mail of cold resistance
 S - a +2 leather armour of poison resistance
 U - a +2 pair of boots of stealth (worn)
Magical Staves
 f - the staff of air "Rusemn" {rElec rC+ Will+ Str-3 Dex+5}
   (You found it in a Gauntlet)

   [staff of air]

   Base accuracy: +5 Base damage: 5 Base attack delay: 1.2 This weapon's minimum
   attack delay (0.6) is reached at skill level 12.
   Str:       It affects your strength (-3).
   Dex:       It affects your dexterity (+5).
   rC:        It protects you from cold.
   rElec:     It insulates you from electricity.
   Will:      It increases your willpower.
   It falls into the 'Staves' category.
   It is a one-handed weapon.
 k - a staff of earth
Jewellery
 b - the amulet "Zocliati" (around neck) {Rampage Regen+}
   (You acquired it on level 7 of the Dungeon)

   [amulet of regeneration]

   Regen:     It increases your rate of health regeneration.
   Rampage:   It bestows one free step when moving towards enemies.
 d - a +4 ring of slaying (right hand)
 v - a ring of protection from cold
 x - a ring of positive energy
 z - a ring of flight
 Q - a ring of poison resistance (left hand)
Wands
 e - a wand of polymorph (5)
 K - a wand of flame (8)
Scrolls
 h - a scroll of blinking
 o - a scroll of enchant weapon
 r - a scroll of fear
 y - a scroll of teleportation
 J - a scroll of fog
 T - 2 scrolls of identify
Potions
 g - a potion of invisibility
 i - a potion of haste
 m - 3 potions of brilliance
 w - 2 potions of lignification
 A - 2 potions of resistance
 B - 6 potions of flight
 E - 2 potions of mutation
 F - a potion of berserk rage
 V - a potion of curing
Miscellaneous
 j - a tin of tremorstones (2/2)


   Skills:
 - Level 9.5 Fighting
 - Level 7.4(8.0) Short Blades
 - Level 4.6(6.6) Long Blades
 + Level 2.1 Armour
 + Level 4.3 Dodging
 - Level 6.0 Stealth
 * Level 11.3 Spellcasting
 + Level 5.6 Hexes
 + Level 5.1 Ice Magic
 + Level 6.6 Air Magic
 + Level 6.6 Poison Magic
 - Level 3.0 Evocations


You had 18 spell levels left.
You knew the following spells:

 Your Spells              Type           Power      Damage    Failure   Level
a - Swiftness             Air            36%        N/A       1%          3
b - Poisonous Vapours     Pois/Air       72%        N/A       1%          2
c - Ensorcelled Hibernat  Hex/Ice        62%        N/A       1%          2
d - Ozocubu's Armour      Ice            30%        N/A       2%          3
e - Frozen Ramparts       Ice            60%        1d10      2%          3
f - Tukima's Dance        Hex            32%        N/A       1%          3

Your spell library contained the following spells:

 Spells                   Type           Power      Damage    Failure   Level
 Freeze                   Ice            100%       1d10      1%          1
 Shock                    Conj/Air       92%        1d8       1%          1
 Mephitic Cloud           Conj/Pois/Air  27%        N/A       3%          3
 Spider Form              Tmut/Pois      23%        N/A       4%          3
 Airstrike                Air            18%        2d(3-19)  4%          4
 Apportation              Tloc           20%        N/A       6%          1
 Beastly Appendage        Tmut           20%        N/A       6%          1
 Inner Flame              Hex/Fire       21%        N/A       6%          3
 Portal Projectile        Hex/Tloc       42%        N/A       6%          3
 Hailstorm                Conj/Ice       20%        3d6       7%          3
 Passwall                 Tmut/Erth      8%         N/A       10%         2
 Wereblood                Tmut           10%        N/A       10%         2
 Gell's Gravitas          Tloc           10%        N/A       19%         3
 Teleport Other           Tloc           10%        N/A       19%         3
 Metabolic Englaciation   Hex/Ice        15%        N/A       21%         5
 Freezing Cloud           Conj/Ice/Air   12%        6-21      34%         5
 Alistair's Intoxication  Tmut/Pois      15%        N/A       43%         5
 Flame Wave               Conj/Fire      10%        2d6       54%         4
 Sticky Flame             Conj/Fire      10%        2d3       54%         4
 Blade Hands              Tmut           5%         N/A       87%         5
 Dispersal                Tloc           5%         N/A       100%        6
 Simulacrum               Ice/Necr       Unusable   N/A       N/A         6

Dungeon Overview and Level Annotations

Branches:
Dungeon (10/15)            Temple (1/1) D:6            Lair (5/5) D:8
  Swamp (0/4) Lair:3        Snake (0/4) Lair:3        Slime (0/5) Lair:4
Ossuary (visited)          Bailey (visited)         Volcano (1/1)
Gauntlet (visited)
    Orc: D:9-12

Altars:
Ashenzari
Cheibriados
Dithmenos
Elyvilon
Fedhas
Gozag
Hepliaklqana
Kikubaaqudgha
Makhleb
Nemelex Xobeh
Okawaru
Qazlal
Ru
Sif Muna
Trog
Uskayaw
Vehumet
Wu Jian
Xom
Yredelemnul
Zin
The Shining One

Shops:
D:3 !   D:4 [   D:8 :[

Annotations:
D:3 1 runed translucent door, exclusion: door, jaiteiro's ghost, amateur OpEE
D:5 exclusion: downstairs
D:7 2 transporters, exclusion: downstairs, H0rd4k's ghost, novice HuAr
D:9 exclusions: downstairs and hornet
Lair:1 exclusion: downstairs
Lair:2 exclusions: downstairs and skyshark
Lair:3 exclusions: 3 death yaks and downstairs


Innate Abilities, Weirdness & Mutations

You have a pair of small antennae on your head.
You possess an exceptional clarity of mind.
You passively map a small area around you.


Message History

The heat melts your icy armour.
You puncture the earth elemental!
The earth elemental is heavily damaged.
The wall freezes the earth elemental but does no damage.
The earth elemental hits you!
* * * LOW HITPOINT WARNING * * *
You hit the earth elemental but do no damage.
The earth elemental is heavily damaged.
The wall freezes the molten gargoyle.
You hit the earth elemental.
The earth elemental is heavily damaged.
You hit the earth elemental but do no damage.
The earth elemental is heavily damaged.
The wall freezes the molten gargoyle but does no damage.
The earth elemental completely resists.
The wall freezes the earth elemental but does no damage.
The earth elemental hits you.
* * * LOW HITPOINT WARNING * * *
You hit the earth elemental but do no damage.
The earth elemental is heavily damaged.
The wall freezes the molten gargoyle but does no damage.
You hit the earth elemental.
The earth elemental is severely damaged.
The wall freezes the earth elemental but does no damage.
The earth elemental misses you.
You hit the earth elemental but do no damage.
The earth elemental is severely damaged.
The wall freezes the molten gargoyle.
You hit the earth elemental but do no damage.
The earth elemental is severely damaged.
The frozen ramparts melt away.
Casting: Ozocubu's Armour (mildly dangerous; 2% risk of failure)
Confirm with . or Enter, or press ? or * to list all spells.
Your icy armour thickens.
The earth elemental hits you!!
* * * LOW HITPOINT WARNING * * *
Unknown command.
You feel very buoyant.
You fly up into the air.
The earth elemental hits you!!
You die...
Your body crumbles into a pile of gold.

#### ##..## #.≈≈.# *
## ##.≈≈.## # ##.#
#.≈≈≈≈.# ## ~ #.9E##
##.≈≈≈≈.## ##.
#@###.§≈≈$≈≈.###.# $
##.##.≈≈.$≈≈.##.## $ $
***~~##.'#≈#≈####'.##≈
$ ~######## ####≈≈ **
~~ { #≈###≈##§☼≈≈≈ $$
+ .§≈≈≈≈☼☼##.≈≈ ,*
.≈☼§§☼§.###.≈ , *
#.≈§≈§.## ##. , *
#.≈≈§§. ##


You could see an earth elemental and a molten gargoyle.

Vanquished Creatures
  A minotaur (Gauntlet)
  A hydra (Lair:3)
  Sonja (Lair:1)
  3 lindwurms
  A moth of wrath (Gauntlet)
  5 elephants (Lair:1)
  7 cane toads
  5 black mambas
  A kobold demonologist (D:8)
  3 molten gargoyles (Volcano)
  A torpor snail (Lair:4)
  A rime drake (Lair:2)
  2 efreet (Volcano)
  A minotaur zombie (Gauntlet)
  6 komodo dragons
  2 polar bears (Lair:2)
  A troll (D:8)
  12 blink frogs
  2 hornets
  5 dream sheep (Lair:3)
  Sigmund (D:4)
  A shadow (D:10)
  21 yaks
  A wraith (D:10)
  2 basilisks
  A human (D:6)
  3 wyverns
  4 fire elementals (Volcano)
  A steam dragon (D:9)
  2 nagas (Lair:3)
  11 water moccasins
  8 orc warriors
  4 ice beasts
  5 black bears
  9 wolves
  An ogre (D:6)
  6 centaurs (D:8)
  2 phantoms
  6 kobold brigands
  An earth elemental (Volcano)
  A gnoll sergeant (D:7)
  9 bullfrogs
  6 scorpions
  3 wights (D:7)
  4 killer bees (D:8)
  6 howler monkeys
  2 centaur zombies (Ossuary)
  4 jellies
  7 orc priests
  An iguana (D:5)
  A sleepcap (D:4)
  Terence (D:3)
  13 orc wizards
  4 hell rats (Lair:4)
  2 hound zombies (Ossuary)
  3 mummies (Ossuary)
  Robin (D:3)
  9 adders
  6 gnolls
  2 white imps (D:7)
  5 adder zombies (Ossuary)
  3 worms
  3 dart slugs
  35 orcs
  5 ball pythons
  6 endoplasms
  5 giant cockroaches
  4 gnoll zombies (Ossuary)
  16 goblins
  16 hobgoblins
  4 jackals
  5 quokkas
  11 bats
  3 frilled lizards
  6 goblin zombies (Ossuary)
  A hobgoblin zombie (Ossuary)
  9 jackal zombies (Ossuary)
  30 kobolds
  2 kobold zombies (Ossuary)
  3 orc zombies (Ossuary)
  A quokka zombie (Ossuary)
  6 rats
  2 fire vortices (Volcano)
417 creatures vanquished.

Vanquished Creatures (collateral kills)
  2 gnolls (D:5)
  An adder (D:3)
  An orc (D:5)
  A quokka (D:1)
5 creatures vanquished.

Vanquished Creatures (others)
  A black bear (D:5)
  A hound (D:6)
  An iguana (D:5)
  An orc wizard (D:9)
  A quokka (D:1)
  A fire vortex (Volcano)
6 creatures vanquished.

Grand Total: 428 creatures vanquished

Notes
Turn   | Place    | Note
-------+----------+-------------------------------------------
     0 | D:1      | H0rd4k the Human Artificer began the quest for the Orb.
     0 | D:1      | Reached XP level 1. HP: 15/15 MP: 1/1
   213 | D:1      | Reached XP level 2. HP: 21/22 MP: 2/2
   493 | D:1      | Reached XP level 3. HP: 25/28 MP: 3/3
  1151 | D:2      | Identified the +1 robe of Rangoruc {Regen+ Int+2}
  1325 | D:2      | Reached XP level 4. HP: 11/35 MP: 4/4
  1838 | D:3      | Noticed Terence
  1845 | D:3      | Killed Terence
  1859 | D:3      | Reached XP level 5. HP: 8/43 MP: 5/5
  1964 | D:3      | Found Ugoxzadet's Distillery.
  1992 | D:3      | Noticed Robin
  2048 | D:3      | Killed Robin
  2088 | D:3      | Reached skill level 1 in Long Blades
  2367 | D:3      | Found a burning altar of Makhleb.
  2367 | D:3      | Found a sparkling altar of Nemelex Xobeh.
  2373 | D:3      | Found a faded altar of an unknown god.
  2375 | D:3      | Found a faded altar of an unknown god.
  2377 | D:3      | Found a shadowy altar of Dithmenos.
  2422 | D:3      | Reached skill level 5 in Fighting
  2425 | D:3      | Found a runed translucent door.
  2427 | D:3      | Noticed jaiteiro's ghost (amateur OpEE)
  2545 | D:4      | Reached XP level 6. HP: 15/51 MP: 6/6
  2760 | D:4      | Noticed Sigmund
  2763 | D:4      | Killed Sigmund
  2764 | D:4      | Reached XP level 7. HP: 57/57 MP: 7/7
  3013 | D:4      | Found a sand-covered staircase.
  3021 | Ossuary  | Entered an ossuary
  3140 | Ossuary  | Reached skill level 1 in Spellcasting
  3273 | Ossuary  | Reached skill level 2 in Spellcasting
  3374 | D:4      | Found Forghet's Antique Armour Emporium.
  3824 | D:5      | Entered Level 5 of the Dungeon
  3881 | D:5      | Reached XP level 8. HP: 60/64 MP: 11/11
  4123 | D:5      | Reached skill level 3 in Spellcasting
  4356 | D:5      | You fall into a shaft and drop 1 floor!
  4387 | D:6      | an ogre changed into a human
  4387 | D:6      | Noticed a human
  4454 | D:6      | Found a staircase to the Ecumenical Temple.
  4463 | Temple   | Entered the Ecumenical Temple
  4516 | Temple   | Became a worshipper of Gozag Ym Sagoz the Greedy
  4552 | D:6      | Reached skill level 1 in Short Blades
  4552 | D:6      | Reached skill level 4 in Spellcasting
  4755 | D:5      | Reached XP level 9. HP: 46/72 MP: 15/15
  5192 | D:6      | Reached skill level 5 in Spellcasting
  5905 | D:7      | Noticed H0rd4k's ghost (novice HuAr)
  5906 | D:7      | Found a transporter.
  5906 | D:7      | Found a transporter.
  6176 | D:7      | Reached skill level 6 in Spellcasting
  6299 | D:7      | Reached skill level 5 in Short Blades
  6447 | D:7      | Noticed a two-headed ogre
  6975 | D:7      | Identified a scroll of acquirement
  6975 | D:7      | Acquired the amulet "Zocliati" {Rampage Regen+}
  7128 | D:8      | Noticed a troll
  7135 | D:8      | Reached XP level 10. HP: 54/80 MP: 19/19
  7251 | D:8      | Found a staircase to the Lair.
  7398 | D:8      | Noticed a kobold demonologist
  7474 | D:8      | Noticed a sun demon
  7474 | D:8      | Killed a kobold demonologist
  7475 | D:8      | Reached skill level 7 in Spellcasting
  7804 | D:8      | Identified the +4 halberd of Juptizip {flame, rC++ rN+}
  8049 | D:9      | Found a sacrificial altar of Ru.
  8480 | D:10     | Entered Level 10 of the Dungeon
  8609 | D:10     | Noticed a two-headed ogre
  8694 | D:10     | Found a flagged portal.
  8864 | Bailey   | Entered a bailey
  8869 | Bailey   | Learned a level 3 spell: Swiftness
  8872 | Bailey   | Learned a level 2 spell: Poisonous Vapours
  9658 | Bailey   | Reached skill level 8 in Spellcasting
  9658 | Bailey   | Reached skill level 1 in Poison Magic
  9800 | Bailey   | Reached skill level 1 in Air Magic
  9800 | Bailey   | Reached XP level 11. HP: 51/87 MP: 14/23
 10118 | D:10     | Noticed Maurice
 10123 | D:10     | Maurice changed into Maurice the hornet
 10123 | D:10     | Noticed Maurice
 10128 | D:10     | Paralysed by Maurice for 2 turns
 10139 | D:10     | Killed Maurice the hornet
 11585 | D:9      | Found a shimmering blue altar of Sif Muna.
 11764 | D:9      | Found a radiant altar of Vehumet.
 12532 | D:8      | Found an ornate altar of the Wu Jian Council.
 12986 | D:3      | Bought a potion of heal wounds for 55 gold pieces
 12986 | D:3      | Bought a potion of might for 44 gold pieces
 12986 | D:3      | Bought a potion of lignification for 33 gold pieces
 13009 | D:4      | Bought a dull robe for 131 gold pieces
 13009 | D:4      | Identified the +1 robe of Kleptomania {Regen+ Int+2 Dex+4
                  | Slay-4} (You bought it in a shop on level 4 of the Dungeon)
 13194 | D:8      | Bought a +2 pair of boots of stealth for 322 gold pieces
 13235 | Lair:1   | Entered Level 1 of the Lair of Beasts
 13235 | Lair:1   | Noticed Sonja
 13347 | Lair:1   | Noticed an elephant
 13347 | Lair:1   | Noticed an elephant
 13349 | Lair:1   | Noticed an elephant
 13352 | Lair:1   | Noticed an elephant
 13356 | Lair:1   | Noticed an elephant
 13403 | Lair:1   | HP: 4/89 [black mamba (8)]
 13449 | Lair:1   | Learned a level 2 spell: Ensorcelled Hibernation
 13614 | Lair:1   | Killed Sonja
 13647 | Lair:1   | Reached skill level 1 in Hexes
 13688 | Lair:1   | Gained mutation: You passively map a small area around you.
                  | [potion of mutation]
 13688 | Lair:1   | Gained mutation: You have a pair of small antennae on your
                  | head. [potion of mutation]
 13688 | Lair:1   | Gained mutation: You possess an exceptional clarity of
                  | mind. [potion of mutation]
 13713 | Lair:1   | Reached skill level 9 in Spellcasting
 14224 | Lair:1   | Killed an elephant
 14225 | Lair:1   | Reached XP level 12. HP: 95/95 MP: 25/25
 14874 | Lair:2   | Found a gate leading to a gauntlet.
 14883 | Gauntlet | Entered a Gauntlet
 14883 | Gauntlet | Found a transporter.
 14883 | Gauntlet | Found a transporter.
 14883 | Gauntlet | Found a runed translucent door.
 14898 | Gauntlet | Found a transporter.
 14899 | Gauntlet | Found a runed translucent door.
 14910 | Gauntlet | Found a transporter.
 14928 | Gauntlet | Found a transporter.
 14928 | Gauntlet | Found a transporter.
 14930 | Gauntlet | Found a transporter.
 14930 | Gauntlet | Found a transporter.
 14945 | Gauntlet | Found a transporter.
 14956 | Gauntlet | Noticed a six-headed hydra
 14959 | Gauntlet | Found the +0 mask of the Dragon {Will+ Slay+3 SInv}
 14961 | Gauntlet | Found a transporter.
 14968 | Gauntlet | Found a transporter.
 14982 | Gauntlet | Found a transporter.
 15002 | Gauntlet | Found a transporter.
 15002 | Gauntlet | Found a transporter.
 15005 | Gauntlet | Found a runed translucent door.
 15363 | Gauntlet | Noticed a minotaur
 15403 | Gauntlet | Killed a minotaur
 15425 | Gauntlet | Identified the staff of air "Rusemn" {rElec rC+ Will+ Str-3
                  | Dex+5}
 15682 | Lair:2   | Reached skill level 10 in Spellcasting
 15682 | Lair:2   | Reached skill level 5 in Air Magic
 15682 | Lair:2   | Reached skill level 5 in Poison Magic
 15727 | Lair:2   | Reached skill level 1 in Ice Magic
 16347 | Lair:2   | Learned a level 3 spell: Ozocubu's Armour
 16373 | Lair:2   | Reached XP level 13. HP: 67/101 MP: 23/27
 16704 | Lair:2   | Learned a level 3 spell: Frozen Ramparts
 16745 | D:8      | Learned a level 3 spell: Tukima's Dance
 16803 | Lair:3   | Found a staircase to the Swamp.
 17351 | Lair:3   | Reached skill level 5 in Stealth
 17483 | Lair:3   | Found a staircase to the Snake Pit.
 17998 | Lair:3   | Reached skill level 5 in Hexes
 18013 | Lair:3   | Paralysed by a hornet for 2 turns
 18016 | Lair:3   | Noticed a five-headed hydra
 18118 | Lair:3   | Reached skill level 11 in Spellcasting
 18123 | Lair:3   | Killed a five-headed hydra
 18207 | Lair:3   | Identified the +3 long sword "Leroxkam" {heavy, rElec}
 18703 | Lair:4   | Found a staircase to the Slime Pits.
 18718 | Lair:4   | You fall into a shaft and drop 1 floor!
 18718 | Lair:5   | Entered Level 5 of the Lair of Beasts
 18782 | Lair:5   | Found a dark tunnel.
 18787 | Volcano  | Entered a volcano
 18859 | Volcano  | HP: 4/151 [fire elemental (10)]
 19070 | Volcano  | Reached skill level 5 in Ice Magic
 19528 | Volcano  | Demolished by an earth elemental

Illustrated notes

Levels and vault maps discovered:
D:1:      evilmike_arrival_hilbert_curve, layout_basic, minmay_octomino_c4
D:2:      layout_rooms, skrybe_limestone_x
D:3:      layout_basic, chequers_temple_overflow_minitemple,
          ebering_ghost_inner_flame, serial_shops, nicolae_shop_tiny_waterfront,
          uniq_robin, uniq_terence
D:4:      layout_layer_cave, nicolae_ossuary_entry_plus, serial_shops, shop,
          uniq_sigmund
D:5:      layout_basic
D:6:      layout_cave_pods, minmay_temple_entry_crystal_x
D:7:      hellmonk_ruined_rings, layout_cave_pods, gammafunk_ghost_smash
D:8:      layout_loops_ring, pdpol_wu_jian_five_deadly_venoms, lair_entry_dummy,
          centaur_isle
D:9:      layout_layer_cave, mainiacjoe_overflow_paths,
          kennysheep_orc_sif_temple, lemuel_doored_altar
D:10:     nicolae_cairo_tiling_very_big, layout_basic, enter_bailey_8,
          uniq_maurice, uniq_psyche
Temple:   eino_wide_crystal_templ
Lair:1:   layout_misc_corridors, columned_hall_lemuel, uniq_sonja
Lair:2:   layout_gridlike, gauntlet_entry_generic
Lair:3:   cheibrodos_lair_overgrown_chateau, layout_long_grid, swamp_mist,
          minmay_snake_entry_guardpost_small
Lair:4:   layout_loops_ring, slime_entry_1, pond, serial_bayou_shore_b
Lair:5:   grunt_lair_end_beastmaster, layout_regular_city, enter_volcano_1,
          infiniplex_staircase_pool, grunt_megastairs_3, serial_bayou_shore_b
Volcano:  volcano_aerie

Skill      XL: |  1  2  3  4  5  6  7  8  9 10 11 12 13 |
---------------+----------------------------------------+-----
Fighting       | 2 3 4 5 6 7 8 9 |  9.5
Long Blades    | 2 3 4 |  4.6
Spellcasting   | 2 4 6 8 9 10 11 | 11.3
Short Blades   | 2 5 7 |  7.4
Stealth        | 2 4 6 |  6.0
Dodging        | 2 3 4 |  4.3
Poison Magic   | 1 3 5 6 |  6.6
Air Magic      | 1 3 5 6 |  6.6
Hexes          | 1 4 5 |  5.6
Ice Magic      | 3 5 |  5.1
Armour         | |  2.1
Evocations     | |  3.0

Action                     |  1- 3 |  4- 6 |  7- 9 | 10-12 | 13-15 || total
---------------------------+-------+-------+-------+-------+-------++-------
  Melee: Club              |   182 |    73 |       |       |       ||   255
         Punch             |     1 |     1 |     7 |    16 |     1 ||    26
         Falchion          |       |    97 |   208 |       |       ||   305
         Dagger            |       |       |   361 |   900 |   114 ||  1375
         Short sword       |       |       |       |    53 |   136 ||   189
  Throw: Dart              |       |       |       |    21 |     2 ||    23
   Cast: Poisonous Vapours |       |       |       |   205 |    20 ||   225
         Ensorcelled Hiber |       |       |       |    58 |    66 ||   124
         Swiftness         |       |       |       |     2 |       ||     2
         Frozen Ramparts   |       |       |       |       |    12 ||    12
         Ozocubu's Armour  |       |       |       |       |     5 ||     5
 Invoke: Call Merchant     |       |       |       |     2 |       ||     2
  Evoke: Wand              |     5 |    10 |    21 |     9 |    12 ||    57
    Use: Scroll            |       |       |    13 |    15 |     2 ||    30
         Potion            |       |       |     4 |    16 |     3 ||    23
   Stab: Sleeping          |       |     2 |       |    29 |    36 ||    67
         Invisible         |       |       |       |    11 |     1 ||    12
         Distracted        |       |       |       |     3 |       ||     3
         Paralysed         |       |       |       |       |     1 ||     1
 Armour: Leather armour    |    81 |    26 |       |       |       ||   107
         Robe              |       |    67 |   131 |   182 |    65 ||   445
         Skin              |       |       |       |     4 |       ||     4
  Dodge: Dodged            |   169 |   147 |   267 |   443 |   126 ||  1152
